 Dungeon Crawl Stone Soup version 0.30-a0-629-gd54f4be4f7 (webtiles) character file.

Game seed: 14947831807806104625

4 drugrobin the Shield-Bearer (level 1, -1/18 HPs)
             Began as a Demigod Fighter on Jan 13, 2023.
             Slain by a quokka (4 damage)
             ... on level 1 of the Dungeon.
             The game lasted 00:00:45 (72 turns).

drugrobin the Shield-Bearer (Demigod Fighter)         Turns: 72, Time: 00:00:46

Health: -1/18      AC:  6    Str: 17    XL:     1   Next: 46%
Magic:  3/3        EV:  8    Int: 10    God:
Gold:   0          SH:  4    Dex: 13    Spells: 0/0 levels left

rFire   . . .      SeeInvis .      - Unarmed
rCold   . . .      Faith    .    b - +0 buckler
rNeg    . . .      Spirit   .    a - +0 scale mail
rPois   .          Reflect  .    (no helmet)
rElec   .          Harm     .    (no cloak)
rCorr   .          Rampage  .    (no gloves)
Will    .....                    (no boots) Stlth
                                 (no amulet)
HPRegen 0.23/turn                (no ring)
MPRegen 0.08/turn                (no ring)

@: no status effects
A: high MP 1, forlorn, divine attributes
a: no special abilities


You were on level 1 of the Dungeon.
You visited 1 branch of the dungeon, and saw 1 of its levels.

Inventory:

Armour
 a - a +0 scale mail (worn)
 b - a +0 buckler (worn)
Potions
 c - a potion of might


   Skills:
 - Level 2.6 Fighting
 - Level 2.6 Armour
 - Level 2.6 Shields
 + Level 2.2 Unarmed Combat


You couldn't memorise any spells.
You didn't know any spells.
Your spell library was empty.

Dungeon Overview and Level Annotations

Branches:
Dungeon (1/15)


Innate Abilities, Weirdness & Mutations

You have an increased reservoir of magic. (+10% MP)
You shall have no god before yourself.
Your divine heritage dramatically boosts your attributes as you level up.


Message History

Unknown command.
Unknown command.
Unknown command.
The quokka attacks as you move away!
The quokka bites you but does no damage.
The quokka attacks as you move away! The quokka barely misses you.
The quokka bites you but does no damage.
You open the door.
A goblin comes into view. It is wielding a +0 dagger.
The goblin shouts!
The quokka closely misses you.
Found three items.
Unknown command.
Found a faded altar of an unknown god.
There is an open door here.
Unknown command.
Unknown command.
Unknown command.
The goblin closely misses you.
The quokka bites you but does no damage.
Unknown command.
Unknown command.
Unknown command.
You barely miss the goblin. The quokka bites you.
* * * LOW HITPOINT WARNING * * *
The goblin closely misses you.
Unknown command.
You hit the goblin.
You kill the goblin!
The quokka bites you but does no damage.
Unknown command.
Unknown command.
Unknown command.
Things that are here:
a +0 dagger; a goblin corpse Unknown command.
Unknown command.
Unknown command.
The quokka attacks as you move away! The quokka bites you.
You die... #........# #........# PP.

#....[..g## #P#
#......... #_#
#........ ##.##
##....... ##.P.##
........# #..[.?#
........#####..?..#
........g.g.#.P@..#
........###.#..r..#
###.##### #.###g###
# #..g.g..#
#.......# #.......#
#.......# #.......#
###.#######


You could see a quokka (inner flame) and 2 goblins.

Vanquished Creatures
  A bat (D:1)
  An endoplasm (D:1)
  A goblin (D:1)
  A ball python (D:1)
4 creatures vanquished.

Notes
Turn   | Place    | Note
-------+----------+-------------------------------------------
     0 | D:1      | drugrobin the Demigod Fighter began the quest for the Orb.
     0 | D:1      | Reached XP level 1. HP: 18/18 MP: 3/3
    72 | D:1      | Slain by a quokka

Illustrated notes

Levels and vault maps discovered:
D:1:      minmay_arrival_up_and_down, layout_basic,
          shapermc_ecumenical_altar_flowoftime

Skill      XL: |  1 |
---------------+----+-----
Unarmed Combat | 2 |  2.2
Fighting       | |  2.6
Armour         | |  2.6
Shields        | |  2.6

Action                   || total
-------------------------++-------
Melee: Unarmed           ||    30
  Use: Scroll            ||     1
Armor: Scale mail        ||    14
Dodge: Dodged            ||    20
Block: Buckler           ||    13

Table legend: (Time is in decaauts)
 A = Elapsed time spent in this place.
 B = Non-inter-level travel time spent in this place.
 C = Inter-level travel time spent in this place.
 D = Time resting spent in this place.
 E = Time spent auto-exploring this place.
 F = Levels seen in this place.
 G = Mean time per level.
                   A        B        C        D        E       F      G
               +--------+--------+--------+--------+--------+-----+--------+
         Total |     72 |     72 |      0 |      0 |     12 |   1 |   72.0 |
       Dungeon |     72 |     72 |      0 |      0 |     12 |   1 |   72.0 |
               +--------+--------+--------+--------+--------+-----+--------+

Top non-repeatable levels by time:
     D:1: 72 daAuts
